 Dungeon Crawl Stone Soup version 0.18.1-50-g88ac8fd (webtiles) character file.

242255 ololoev the Scorcher (level 18, -6/104 HPs)
             Began as a Deep Elf Earth Elementalist on Nov 30, 2016.
             Was the Champion of Vehumet.
             Splashed with acid (9 damage)
             ... on level 5 of the Pits of Slime on Dec 1, 2016.
             The game lasted 03:42:50 (17999 turns).

ololoev the Scorcher (Deep Elf Earth Elementalist) Turns: 17999, Time: 03:42:50

Health: -6/104     AC: 13    Str:  5    XL:     18   Next: 67%
Magic:  28/52      EV: 17    Int: 29    God:    Vehumet [******]
Gold:   1207       SH:  8    Dex: 15    Spells: 13 memorised, 5 levels left

rFire  + + .     SeeInvis +     a - staff of conjuration
rCold  + + .     Gourm    .     u - +2 troll leather armour {rC+}
rNeg   + + .     Faith    .     y - +0 buckler
rPois  +         Spirit   .     z - +2 hat {MR+}
rElec  +         Dismiss  .     s - +2 cloak
rCorr  .         Reflect  .     f - +1 pair of gloves
SustAt .         Harm     .     x - +1 pair of boots of True Grit {rC+ rN+ Stlth-}
MR     ++...                    o - amulet of Pride {Fragile rPois rF+ rN+ Regen+}
Stlth  +.........               w - ring of magical power
                                U - ring of Fadderim {*Drain rElec rF+ SInv}

@: corroded, very slightly contaminated, hasted, repel missiles, very quick,
very resistant to hostile enchantments, very unstealthy
A: large bone plates 1, mutation resistance 1
a: Renounce Religion
}: 2/15 runes: decaying, gossamer


Innate Abilities, Weirdness & Mutations

You are partially covered in large bone plates (AC +2, SH +2).
You are somewhat resistant to further mutation.

Inventory:

Armour
 f - a +1 pair of gloves (worn)
 p - the +0 helmet "Haif Cifa" {rF+ rC+}
   (You found it in a labyrinth)

   It protects you from fire.
   It protects you from cold.
 s - a +2 cloak (worn)
 u - a +2 troll leather armour of cold resistance (worn)
 x - the +1 pair of boots of True Grit (worn) {rC+ rN+ Stlth-}
   (You bought it in a shop on level 2 of the Orcish Mines)

   It protects you from cold.
   It protects you from negative energy.
   It makes you less stealthy.
 y - a +0 buckler (worn)
 z - a +2 hat of magic resistance (worn)
 C - a +2 robe of magic resistance
 K - the +18 shield of the gong {rElec rN+ MR+ EV-5}
   (You found it on level 2 of the Lair of Beasts)

   It affects your evasion (-5).
   It insulates you from electricity.
   It protects you from negative energy.
   It affects your resistance to hostile enchantments.
Magical Staves
 a - an uncursed staff of conjuration (weapon)
 j - an uncursed staff of wizardry
 O - an uncursed staff of earth
Jewellery
 o - the amulet of Pride (around neck) {Fragile rPois rF+ rN+ Regen+}
   (You bought it in a shop on level 2 of the Orcish Mines)

   [amulet of regeneration]

   It protects you from fire.
   It protects you from poison.
   It protects you from negative energy.
   It increases your rate of regeneration.
   It will be destroyed if unequipped.
 w - a ring of magical power (right hand)
 Q - an uncursed ring of sustain attributes
 U - the ring of Fadderim (left hand) {*Drain rElec rF+ SInv}
   (You took it off a deep elf archer on level 3 of the Elven Halls)

   [ring of protection from fire]

   It protects you from fire.
   It insulates you from electricity.
   It lets you see invisible.
   It causes draining when unequipped.
Wands
 J - a wand of hasting (2/9)
 N - a wand of disintegration (15/24)
Scrolls
 b - 3 scrolls of identify
 h - 7 scrolls of teleportation
 m - 5 scrolls of recharging
 n - 2 scrolls of blinking
 q - 4 scrolls of enchant armour
 G - 6 scrolls of remove curse
 H - 2 scrolls of amnesia
 P - 2 scrolls of magic mapping
Potions
 e - 3 potions of curing
 g - a potion of brilliance
 i - 2 potions of cure mutation
 B - 2 potions of resistance
 D - a potion of lignification
 E - a potion of ambrosia
 I - a potion of agility
 L - a potion of heal wounds
 R - 2 potions of flight
Books
 c - a book of Geomancy

   Spells                             Type                      Level
   a - Sandblast                      Earth                        1
   b - Passwall                       Transmutation/Earth          2
   c - Stone Arrow                    Conjuration/Earth            3
   d - Petrify                        Transmutation/Earth          4
   e - Lee's Rapid Deconstruction     Earth                        5
 l - an Akashic Record

   Spells                             Type                      Level
   a - Dispersal                      Translocation                6
   b - Malign Gateway                 Summoning/Translocation      7
   c - Disjunction                    Translocation                8
   d - Controlled Blink               Translocation                8
 A - a book of Fire

   Spells                             Type                      Level
   a - Ignite Poison                  Fire/Transmutation/Poison    3
   b - Fireball                       Conjuration/Fire             5
   c - Bolt of Fire                   Conjuration/Fire             6
   d - Delayed Fireball               Conjuration/Fire             7
   e - Ring of Flames                 Charms/Fire                  7
 M - a book of the Sky

   Spells                             Type                      Level
   a - Summon Lightning Spire         Summoning/Air                4
   b - Airstrike                      Air                          4
   c - Silence                        Hexes/Air                    5
   d - Deflect Missiles               Charms/Air                   6
   e - Conjure Ball Lightning         Conjuration/Air              6
   f - Tornado                        Air                          9
Comestibles
 d - 13 bread rations
 r - 3 slices of pizza
 t - 18 fruits
 F - 6 beef jerkies


   Skills:
 + Level 8.4 Fighting
 - Level 3.0 Armour
 - Level 10.7 Dodging
 - Level 2.4 Stealth
 - Level 6.1 Shields
 + Level 19.2 Spellcasting
 - Level 17.6 Conjurations
 - Level 1.1 Transmutations
 - Level 19.4 Fire Magic
 * Level 7.3 Air Magic
 - Level 7.3 Earth Magic


You had 5 spell levels left.
You knew the following spells:

 Your Spells              Type           Power        Failure   Level  Hunger
a - Fireball              Conj/Fire      ########..   1%          5    None
b - Stone Arrow           Conj/Erth      ######       1%          3    None
c - Lee's Rapid Deconstr  Erth           ######....   1%          5    None
d - Petrify               Trmt/Erth      ######..     4%          4    None
e - Bolt of Fire          Conj/Fire      ########..   1%          6    None
f - Sandblast             Erth           ######       1%          1    None
g - Repel Missiles        Chrm/Air       #####.       1%          2    None
h - Orb of Destruction    Conj           ########..   1%          7    ####...
i - Conjure Ball Lightni  Conj/Air       ########..   1%          6    None
p - Apportation           Tloc           ####......   2%          1    None
q - Delayed Fireball      Conj/Fire      N/A          1%          7    ####...
s - Iron Shot             Conj/Erth      ########..   1%          6    None
w - Passwall              Trmt/Erth      ######....   1%          2    None


You were on level 5 of the Pits of Slime.
You worshipped Vehumet.
Vehumet was exalted by your worship.
You were not hungry.

You visited 8 branches of the dungeon, and saw 39 of its levels.
You visited 1 bazaar.
You also visited: Labyrinth and Ice Cave.

You collected 3174 gold pieces.
You spent 1967 gold pieces at shops.

......#.#...
#.... .....
##....##...##
#....#.#.J..#
.......JJ.J..##
..........<...#
...##....J....#
#....#G..J....#
#......<...@.#
##....§.....##
##.#...##### #
##.## ###

Notes
Turn   | Place    | Note
--------------------------------------------------------------
     0 | D:1      | ololoev the Deep Elf Earth Elementalist began the quest for the Orb.
     0 | D:1      | Reached XP level 1. HP: 10/10 MP: 6/6
   135 | D:1      | Reached XP level 2. HP: 15/15 MP: 2/8
   338 | D:2      | Reached XP level 3. HP: 6/19 MP: 1/10
   342 | D:2      | Learned a level 2 spell: Passwall
   346 | D:2      | Learned a level 3 spell: Stone Arrow
   636 | D:4      | Reached skill level 5 in Spellcasting
   636 | D:4      | Reached XP level 4. HP: 24/24 MP: 9/13
   679 | D:4      | Noticed an ogre
   683 | D:4      | Killed an ogre
   683 | D:4      | Reached XP level 5. HP: 27/28 MP: 2/15
   702 | D:4      | Learned a level 5 spell: Lee's Rapid Deconstruction
   707 | D:4      | Learned a level 4 spell: Petrify
   797 | D:5      | Entered Level 5 of the Dungeon
   826 | D:4      | Reached skill level 1 in Conjurations
   861 | D:4      | Reached skill level 5 in Earth Magic
   927 | D:4      | Got a dazzling leather armour
   938 | D:4      | Identified the +0 leather armour of the Albatross {rF+} (You found it on level 4 of the Dungeon)
  1067 | D:4      | Reached XP level 6. HP: 32/32 MP: 15/17
  1179 | D:4      | Found an iron altar of Okawaru.
  1278 | D:6      | Noticed Menkaure
  1289 | D:6      | Killed Menkaure
  1331 | D:7      | Reached XP level 7. HP: 24/36 MP: 15/20
  1357 | D:6      | Found a shadowy altar of Dithmenos.
  1679 | D:5      | Found a shattered altar of Ashenzari.
  1679 | D:5      | Found a burning altar of Makhleb.
  1685 | D:5      | Found an opulent altar of Gozag.
  1685 | D:5      | Found a glowing golden altar of the Shining One.
  1685 | D:5      | Found a basalt altar of Yredelemnul.
  1685 | D:5      | Found an oddly glowing altar of Pakellas.
  1687 | D:5      | Found a sacrificial altar of Ru.
  1688 | D:5      | Found a deep blue altar of Sif Muna.
  1786 | D:5      | Noticed ololoev's ghost (amateur DEEE)
  1790 | D:5      | Killed ololoev's ghost
  1790 | D:5      | Reached skill level 5 in Conjurations
  1790 | D:5      | Reached XP level 8. HP: 19/41 MP: 11/22
  1812 | D:5      | Learned a level 5 spell: Fireball
  1880 | D:6      | Noticed Blork the orc
  1889 | D:6      | Killed Blork the orc
  1889 | D:6      | Reached skill level 1 in Fire Magic
  2235 | D:6      | Got an ichor-stained ring mail
  2294 | D:6      | Found a shimmering altar of Xom.
  2401 | D:7      | Gained mutation: You are somewhat resistant to further mutation. [mutagenic meat]
  2404 | D:7      | Gained mutation: You are partially covered in large bone plates (AC +2, SH +2). [mutagenic meat]
  2412 | D:7      | Found a staircase to the Ecumenical Temple.
  2419 | Temple   | Entered the Ecumenical Temple
  2437 | Temple   | Became a worshipper of Vehumet
  2476 | D:7      | Found Wyofi's General Store.
  2492 | D:7      | Bought a scroll of magic mapping for 49 gold pieces
  2492 | D:7      | Bought a scroll of identify for 28 gold pieces
  2492 | D:7      | Bought a potion of resistance for 140 gold pieces
  2492 | D:7      | Bought 26 stones for 36 gold pieces
  2566 | D:7      | Found Jeotiam's Weapon Shoppe.
  2577 | D:7      | Iwannabefree: yo
  2579 | D:7      | ololoev: hi
  2617 | D:7      | Noticed Dowan
  2621 | D:7      | Noticed Duvessa
  2622 | D:7      | Killed Dowan
  2622 | D:7      | Reached skill level 5 in Fire Magic
  2624 | D:7      | Iwannabefree: психанула
  2626 | D:7      | Killed Duvessa
  2758 | D:7      | jacquesderrida: La Liev
  2792 | D:7      | Found Satoegg's Antique Weapon Shop.
  2800 | D:7      | ololoev: ярмака анрандов
  2800 | D:7      | Iwannabefree: еее
  2800 | D:7      | Iwannabefree: бери лича и табай
  2800 | D:7      | Iwannabefree: вут
  2800 | D:7      | ololoev: да вот прямо сейчас воьму
  2800 | D:7      | ololoev: лол
  2800 | D:7      | Iwannabefree: его занерфили
  2800 | D:7      | Iwannabefree: раньше -статы не давал
  2820 | D:7      | Found Waneufow's Food Shop.
  2822 | D:7      | Reached XP level 9. HP: 45/45 MP: 21/24
  2838 | D:7      | Found Azaghoudu's Book Shop.
  2848 | D:7      | jacquesderrida: vsegda daval.................
  2856 | D:7      | Iwannabefree: зомби личат экспу как саммоны или нет?
  2856 | D:7      | ololoev: некронатикон!
  2856 | D:7      | ololoev: да
  2856 | D:7      | Iwannabefree: говно
  2856 | D:7      | Iwannabefree: тогда
  2856 | D:7      | ololoev: офигенный ран
  2856 | D:7      | ololoev: вот не зафейлить бы
  2856 | D:7      | ololoev: книга фаера есть, некрономикон в шопе можно будет купить
  2863 | D:7      | Found Iammatim's Incredible Inventory.
  2868 | D:7      | Iwannabefree: http://crawl.xtahua.com/crawl/morgue/Iwannabefree/morgue-Iwannabefree-20161108-103751.txt
  2868 | D:7      | Iwannabefree: раньше давал -ас и -ев
  2868 | D:7      | Iwannabefree: ??leech
  2884 | D:7      | Iwannabefree: что ты сделал с бимом
  2912 | D:7      | ololoev: он тебя больеш не любит
  2934 | D:9      | jacquesderrida: re
  2934 | D:9      | Reached skill level 10 in Spellcasting
  3068 | D:8      | Identified the +4 ring mail of Tume Vest {Str+5} (You found it on level 6 of the Dungeon)
  3191 | D:8      | Reached * piety under Vehumet
  3191 | D:8      | Offered knowledge of Magic Dart by Vehumet.
  3203 | D:8      | Found an ancient bone altar of Kikubaaqudgha.
  3332 | D:10     | Entered Level 10 of the Dungeon
  3382 | D:10     | Noticed Urug
  3468 | D:10     | Learned a level 1 spell: Apportation
  3509 | D:10     | Found Ywiurako's Distillery.
  3552 | D:10     | Killed Urug
  3552 | D:10     | Reached XP level 10. HP: 50/50 MP: 8/27
  3595 | D:9      | Found Jupsulas's Assorted Antiques.
  3602 | D:9      | Bought a scroll of identify for 44 gold pieces
  3602 | D:9      | Bought a scroll labeled ONIBAENAH for 22 gold pieces
  3810 | D:9      | Found a stormy altar of Qazlal.
  3981 | D:10     | Reached ** piety under Vehumet
  4095 | D:10     | Offered knowledge of Freeze by Vehumet.
  4177 | D:10     | Noticed an orc knight
  4191 | D:10     | Killed an orc knight
  4226 | D:10     | Found a staircase to the Orcish Mines.
  4239 | Orc:1    | Entered Level 1 of the Orcish Mines
  4239 | Orc:1    | Noticed an orc sorcerer
  4242 | Orc:1    | Reached skill level 10 in Fire Magic
  4278 | Orc:1    | Noticed an orange demon
  4279 | Orc:1    | Killed an orc sorcerer
  4280 | Orc:1    | Noticed an orc high priest
  4282 | Orc:1    | Killed an orc high priest
  4429 | D:11     | Noticed a six-headed hydra
  4510 | D:10     | jacquesderrida: it me
  4529 | D:11     | ololoev: rly>
  4529 | D:11     | ololoev: ?
  4535 | D:11     | Offered knowledge of Static Discharge by Vehumet.
  4536 | D:11     | jacquesderrida: in deed
  4660 | D:8      | Found a blossoming altar of Fedhas.
  4802 | D:8      | Reached XP level 11. HP: 54/54 MP: 18/29
  4823 | D:8      | Reached *** piety under Vehumet
  4919 | D:8      | Got a dazzling spear
  4920 | D:8      | Identified the +7 spear "Kenod" {flame, +Blink Int+5} (You found it on level 8 of the Dungeon)
  5140 | Orc:1    | Noticed an orc warlord
  5277 | D:11     | Found a staircase to the Lair.
  5296 | Lair:1   | Entered Level 1 of the Lair of Beasts
  5307 | Lair:1   | Offered knowledge of Inner Flame by Vehumet.
  5476 | Lair:1   | Learned a level 7 spell: Delayed Fireball
  5566 | Lair:2   | jacquesderrida: ree
  5568 | Lair:2   | jacquesderrida: Dong
  5712 | Lair:2   | Reached skill level 10 in Conjurations
  5719 | Lair:2   | Reached **** piety under Vehumet
  5913 | Lair:4   | Noticed a griffon
  5914 | Lair:4   | Offered knowledge of Sticky Flame by Vehumet.
  5921 | Lair:4   | Killed a griffon
  5988 | Lair:4   | HP: 1/54 [rime drake/flash freeze (28)]
  5999 | Lair:4   | Found a labyrinth entrance.
  6015 | Lab      | Entered a labyrinth
  6265 | Lab      | Noticed a minotaur
  6279 | Lab      | Killed a minotaur
  6297 | Lab      | Got a steaming helmet
  6307 | Lair:4   | Identified the cursed +0 helmet "Haif Cifa" {rF+ rC+} (You found it in a labyrinth)
  6387 | Lair:5   | Noticed a death yak
  6387 | Lair:5   | Noticed a death yak
  6387 | Lair:5   | Noticed a death yak
  6615 | Lair:4   | Got an ebony short sword
  6616 | Lair:4   | Identified the cursed +1 short sword of Evisceration {pierce, +Rage rC+ Dex-3} (You found it on level 4 of the Lair of Beasts)
  6652 | Lair:5   | Reached XP level 12. HP: 59/59 MP: 21/31
  6658 | Lair:5   | Killed a death yak
  6658 | Lair:5   | Killed a death yak
  6658 | Lair:5   | Killed a death yak
  6665 | Lair:5   | Noticed an eight-headed hydra
  6792 | Lair:5   | Noticed Maud
  6900 | Lair:6   | Reached ***** piety under Vehumet
  6936 | Lair:6   | Offered knowledge of Irradiate by Vehumet.
  6985 | Lair:6   | Found a hole to the Spider Nest.
  7080 | Lair:5   | Killed an eight-headed hydra
  7236 | Lair:5   | Noticed a catoblepas
  7241 | Lair:5   | Killed a catoblepas
  7508 | Lair:6   | Reached skill level 15 in Fire Magic
  7673 | Lair:7   | Reached XP level 13. HP: 63/63 MP: 32/33
  7681 | Lair:7   | Found a frozen archway.
  7697 | IceCv    | Entered an ice cave
  7774 | IceCv    | Learned a level 6 spell: Bolt of Fire
  7831 | IceCv    | Reached skill level 15 in Spellcasting
  8015 | Lair:7   | Reached skill level 1 in Armour
  8077 | Lair:7   | Offered knowledge of Spellforged Servitor by Vehumet.
  8082 | Lair:7   | Got a translucent ring mail
  8125 | Lair:8   | Entered Level 8 of the Lair of Beasts
  8139 | Lair:8   | Identified the cursed +0 ring mail of Idwigi {rF++} (You found it on level 7 of the Lair of Beasts)
  8225 | Lair:8   | jacquesderrida: ges hoo
  8232 | Lair:8   | jacquesderrida: dets righ
  8232 | Lair:8   | jacquesderrida: it me
  8233 | Lair:8   | jacquesderrida: Че тут у нас, лалиев
  8244 | Lair:7   | jacquesderrida: спедранишка ахах найс
  8244 | Lair:7   | ololoev: chuvaki popadajut
  8244 | Lair:7   | ololoev: na dolche gabana
  8398 | Lair:8   | Learned a level 2 spell: Repel Missiles
  8485 | Lair:8   | ololoev: падхади дарагой пакупай апельсын
  8534 | Lair:8   | xjosephx: hi
  8535 | Lair:8   | ololoev: yo xjo
  8546 | Lair:8   | xjosephx: I need to ask, when u get drained u need xp to cure it
  8547 | Lair:8   | xjosephx: is that xp wasted.
  8547 | Lair:8   | ololoev: no, it is not
  8547 | Lair:8   | xjosephx: Ok thanks
  8550 | Lair:8   | Reached skill level 5 in Dodging
  8551 | Lair:8   | xjosephx: How is your day going?
  8553 | Lair:8   | ololoev: I'm speedrunning, but not that successful
  8553 | Lair:8   | xjosephx: Ah ok
  8553 | Lair:8   | ololoev: this run is okay
  8553 | Lair:8   | xjosephx: I'm not the best player
  8553 | Lair:8   | xjosephx: Won once
  8553 | Lair:8   | xjosephx: With some save scumming ;(
  8553 | Lair:8   | ololoev: ha-ha, doesnt count!
  8553 | Lair:8   | xjosephx: Had to savescum cos i accidentally went to the vault trap level
  8553 | Lair:8   | xjosephx: most of my orc army still died there
  8553 | Lair:8   | xjosephx: even some of my warlords
  8553 | Lair:8   | xjosephx: Really salty from my last death though
  8553 | Lair:8   | ololoev: if you won with savescumming you should be able to do it online
  8565 | Lair:8   | xjosephx: all was going good, and i was playing a spriggan assassin which i play a lot
  8588 | Lair:8   | xjosephx: i had 57 evasion which was good
  8597 | Lair:8   | xjosephx: had the shaolin ring and a +6 evasion ring
  8597 | Lair:8   | xjosephx: And the run was really solid
  8597 | Lair:8   | ololoev: but pure evasion is not that good
  8600 | Lair:8   | xjosephx: yeah but i liked the character
  8601 | Lair:8   | xjosephx: and he had nice stuff
  8615 | Lair:8   | xjosephx: but i got crushed from half health from a blue ice jelly thing
  8617 | Lair:8   | ololoev: had no rC+?
  8628 | Lair:8   | xjosephx: cos i oneshot the royal elly when he was sleeping but it spawned a tonne
  8635 | Lair:8   | xjosephx: blinked away but i had to kill the remaining jellies
  8645 | Lair:8   | xjosephx: and i did have cr but it wasn't equipped
  8672 | Lair:8   | xjosephx: if i had known they did so much damage i would have just ran awa
  8673 | Lair:8   | ololoev: without rC+ you can get massive damage from azure jelly
  8673 | Lair:8   | ololoev: @??azure jelly
  8673 | Lair:8   | beem: azure jelly (J)
                  | Spd:
    12 | HD: 15   | HP: 66-95
                  | AC/EV: 5/10
                  | Dam: 12(cold:15-44), 12(cold:15-44), 12, 12
                  | eats doors, see invisible, unbreathing
                  | Res: magic(80), cold, elec, poison, acid+++, blind, drown
                  | Vul: fire
                  | XP:
  1892 | Sz: small | Int: brainless.
  8673 | Lair:8   | xjosephx: Playing a tengu air mage of vehumet right now
  8673 | Lair:8   | ololoev: 112 damage possible in 1 hit
  8673 | Lair:8   | ololoev: without rC+
  8673 | Lair:8   | ololoev: btw do u play online now?
  8673 | Lair:8   | xjosephx: i think it did something like 70 or something
  8673 | Lair:8   | xjosephx: and no i play offline
  8673 | Lair:8   | xjosephx: cos i like mouse controls
  8673 | Lair:8   | ololoev: I got used to play wout mouse
  8705 | Lair:8   | xjosephx: I have +8 slay so i'm actually pretty good in melee
  8707 | Lair:8   | xjosephx: though i planned to never use melee
  8709 | Lair:8   | xjosephx: By the way how bad is Mr-
  8709 | Lair:8   | xjosephx: Obviously it's really bad
  8709 | Lair:8   | ololoev: I like forest
  8709 | Lair:8   | xjosephx: but idk if i should use this crappy artifact robe
  8709 | Lair:8   | ololoev: it's burnable!!
  8732 | Lair:8   | xjosephx: it has rf+ mr- int+2 slay+2
  8736 | Lair:8   | xjosephx: and its a +1 robe
  8780 | Lair:8   | Reached XP level 14. HP: 68/68 MP: 18/35
  8825 | Lair:8   | xjosephx: and my artifact gloves are mr- slay+6 Sinv Stlth+
  8845 | Lair:8   | xjosephx: so my magic resist is really hurt
  8860 | Lair:8   | ololoev: it's okay if you are in lair or swamp
  8860 | Lair:8   | ololoev: or spider
  8872 | Lair:8   | xjosephx: i'm in d12 right now
  8914 | Lair:8   | xjosephx: Whats ur Fball effect?
  8928 | Lair:8   | ololoev: ??delayed fireball
  8928 | Lair:8   | beem: delayed fireball[1/2]: When cast, lets you release a fireball later on (as an 'a'bility) with no cost or delay. Great to have one prepared for emergencies. Only one fireball may be stored at a time. Is level 7, and to know the fireball spell at the same time only uses 7 spell levels total.
  8948 | Lair:8   | xjosephx: Oh thats cool
  9036 | Lair:7   | xjosephx: brb
  9038 | Lair:7   | ololoev: cya
  9184 | Lair:3   | Found a staircase to the Swamp.
  9248 | Swamp:1  | Entered Level 1 of the Swamp
  9480 | D:11     | Offered knowledge of Bolt of Magma by Vehumet.
  9565 | Orc:1    | Killed an orc warlord
  9565 | Orc:1    | Reached skill level 1 in Fighting
  9576 | Orc:1    | xjosephx: back
  9636 | Orc:2    | Entered Level 2 of the Orcish Mines
  9636 | Orc:2    | Found Otarilal's Jewellery Shop.
  9638 | Orc:2    | Reached skill level 1 in Shields
  9642 | Orc:2    | Paralysed by an orc sorcerer for 5 turns
  9778 | Orc:1    | Noticed a stone giant
  9782 | Orc:1    | Killed a stone giant
  9795 | Orc:2    | Found Biats's Antique Weapon Shoppe.
  9795 | Orc:2    | Noticed a stone giant
  9801 | Orc:2    | Killed a stone giant
 10107 | Orc:2    | Bought the amulet of Pride {Fragile rPois rF+ rN+ Regen+} for 795 gold pieces
 10118 | Orc:2    | Found a staircase to the Elven Halls.
 10126 | Orc:2    | Found Puup's General Store.
 10174 | Orc:2    | Noticed Saint Roka
 10175 | Orc:2    | Noticed Snorg
 10288 | Orc:2    | Reached ****** piety under Vehumet
 10303 | Orc:2    | Killed Saint Roka
 10303 | Orc:2    | Offered knowledge of Bolt of Cold by Vehumet.
 10396 | Orc:2    | Killed Snorg
 10642 | Orc:2    | Found Lerchozok's Antique Armour Shoppe.
 10653 | Orc:2    | Bought a pair of faintly humming boots for 332 gold pieces
 10658 | Orc:2    | Identified the +1 pair of boots of True Grit {rC+ rN+ Stlth-} (You bought it in a shop on level 2 of the Orcish Mines)
 10959 | Orc:1    | xjosephx: hi
 10960 | Orc:1    | ololoev: hi
 10985 | Orc:1    | xjosephx: so u said ur doing a speedrun
 10995 | Orc:1    | xjosephx: just to get the minimm runes and win in minimum turns?
 11018 | Orc:1    | ololoev: to get 15 runes and win in min turns
 11025 | Orc:1    | xjosephx: Oh shit
 11025 | Orc:1    | xjosephx: good luck
 11036 | Orc:1    | ololoev: ty
 11072 | Orc:1    | xjosephx: what are the win levels
 11072 | Orc:1    | xjosephx: 3 for worst
 11072 | Orc:1    | xjosephx: 15 for best
 11072 | Orc:1    | ololoev: I want to go below 40k turns
 11227 | Elf:1    | Entered Level 1 of the Elven Halls
 11396 | Elf:1    | Offered knowledge of Ozocubu's Refrigeration by Vehumet.
 11397 | Elf:1    | Reached XP level 15. HP: 57/77 MP: 17/37
 11398 | Elf:1    | xjosephx: so i've done a 3 rune ascension what should i try next
 11398 | Elf:1    | xjosephx: another 3 rune?
 11398 | Elf:1    | ololoev: you got 2 lair runes and one from vaults?
 11398 | Elf:1    | xjosephx: No
 11398 | Elf:1    | xjosephx: slime pit, spider, and shoals i think
 11398 | Elf:1    | xjosephx: almost got abyssal
 11398 | Elf:1    | ololoev: nice, next time get vaults rune, clear crypt and elf, get abysmal rune
 11398 | Elf:1    | xjosephx: but i got teleported away from it
 11697 | Elf:1    | xjosephx: By the way
 11738 | Elf:1    | xjosephx: are things affected by the holy word scroll just the people that are hated by zin in the description
 11738 | Elf:1    | ololoev: hmm, I think ugly things and shapeshifters are unaffected
 11738 | Elf:1    | ololoev: only evil monsters
 11801 | Elf:1    | Got an uncursed blackened spear {freeze}
 11802 | Elf:1    | Identified the +5 spear "Qowk" {freeze, rF+ Stlth+} (You took it off a deep elf high priest on level 1 of the Elven Halls)
 11814 | Elf:1    | Got a dazzling hand crossbow
 11815 | Elf:1    | Identified the +4 hand crossbow of Theory {speed, rN+} (You found it on level 1 of the Elven Halls)
 12011 | Elf:2    | Found Tuwkapn's Distillery.
 12016 | Elf:2    | Bought a potion of magic for 168 gold pieces
 12016 | Elf:2    | Bought a potion of heal wounds for 105 gold pieces
 12016 | Elf:2    | Bought a potion of heal wounds for 105 gold pieces
 12016 | Elf:2    | Bought a potion of berserk rage for 105 gold pieces
 12142 | Elf:2    | Found a flickering gateway to a bazaar.
 12149 | Bazaar   | Entered a bazaar
 12153 | Bazaar   | Found Voes's Food Shoppe.
 12160 | Bazaar   | Found Laututzo's Magic Scroll Shop.
 12171 | Bazaar   | Found Nyolef's Book Boutique.
 12182 | Bazaar   | Found Ympieps's Gadget Boutique.
 12209 | Bazaar   | Bought a scroll of magic mapping for 38 gold pieces
 12241 | Elf:3    | Entered Level 3 of the Elven Halls
 12301 | Elf:2    | Found Kiemu's Book Boutique.
 12307 | Elf:2    | Reached skill level 15 in Conjurations
 12690 | Elf:3    | Got an encrusted hand axe
 12691 | Elf:3    | Identified the +5 hand axe of the End of Times {flame, Int+3} (You found it on level 3 of the Elven Halls)
 12698 | Elf:3    | Noticed Wiglaf
 12726 | Elf:3    | Killed Wiglaf
 12744 | Elf:3    | Noticed a deep elf sorcerer
 12747 | Elf:3    | Noticed a deep elf blademaster
 12747 | Elf:3    | Killed a deep elf sorcerer
 12749 | Elf:3    | Killed a deep elf blademaster
 12750 | Elf:3    | Noticed a deep elf blademaster
 12753 | Elf:3    | Killed a deep elf blademaster
 12756 | Elf:3    | Noticed a deep elf master archer
 12756 | Elf:3    | Killed a deep elf master archer
 12756 | Elf:3    | Reached XP level 16. HP: 84/84 MP: 21/38
 12762 | Elf:3    | Reached skill level 5 in Shields
 12955 | Elf:3    | Noticed a deep elf master archer
 12956 | Elf:3    | Killed a deep elf master archer
 13028 | Elf:3    | Got a wavering pewter ring
 13077 | Elf:3    | Reached skill level 5 in Fighting
 13083 | Elf:3    | Got a clouded copper ring
 13121 | Elf:3    | Identified the ring "Nijipsu" {Ice Int+7} (You took it off a deep elf mage on level 3 of the Elven Halls)
 13124 | Elf:3    | Identified the ring of Fadderim {*Drain rElec rF+ SInv} (You took it off a deep elf archer on level 3 of the Elven Halls)
 13133 | Elf:3    | Got a flickering gossamer ring
 13133 | Elf:3    | Identified the Papyrus of Envenoming and the Frostbite (You found it on level 3 of the Elven Halls)
 13136 | Elf:3    | Identified the ring of Hell {+Blink +Fly rF+ Dex+5 Stlth+} (You found it on level 3 of the Elven Halls)
 13521 | Swamp:1  | Noticed Kirke
 13525 | Swamp:1  | Killed Kirke
 13793 | Swamp:3  | Noticed a thorn hunter
 13798 | Swamp:3  | Killed a thorn hunter
 13837 | Swamp:4  | Entered Level 4 of the Swamp
 13840 | Swamp:4  | Reached skill level 10 in Dodging
 14083 | Swamp:4  | Offered knowledge of Iron Shot by Vehumet.
 14113 | Swamp:4  | Learned a level 6 spell: Iron Shot
 14233 | Swamp:4  | Noticed the 27-headed Lernaean hydra
 14270 | Swamp:4  | Killed the 27-headed Lernaean hydra
 14274 | Swamp:4  | Reached XP level 17. HP: 92/92 MP: 17/40
 14437 | Swamp:4  | Got a decaying rune of Zot
 14642 | Lair:5   | Killed Maud
 14666 | Spider:1 | Entered Level 1 of the Spider Nest
 14802 | Spider:1 | Noticed Nikola
 14813 | Spider:2 | Killed Nikola
 15368 | Spider:2 | Offered knowledge of Orb of Destruction by Vehumet.
 15783 | Spider:2 | Learned a level 7 spell: Orb of Destruction
 16006 | Spider:4 | Entered Level 4 of the Spider Nest
 16314 | Spider:4 | Offered knowledge of Glaciate by Vehumet.
 16314 | Spider:4 | Offered knowledge of Shatter by Vehumet.
 16314 | Spider:4 | Offered knowledge of Chain Lightning by Vehumet.
 16734 | Spider:4 | Learned a level 6 spell: Conjure Ball Lightning
 16756 | Spider:4 | Reached skill level 1 in Air Magic
 16756 | Spider:4 | Reached XP level 18. HP: 68/101 MP: 2/42
 17099 | Spider:4 | Got a gossamer rune of Zot
 17305 | Lair:6   | Found a staircase to the Slime Pits.
 17321 | Slime:1  | Entered Level 1 of the Pits of Slime
 17631 | Slime:3  | Reached skill level 5 in Air Magic
 17714 | Slime:5  | Noticed Dissolution
 17768 | Slime:4  | Killed Dissolution
 17923 | Slime:5  | HP: 1/104 [acid (7)]
 17998 | Slime:5  | HP: 3/104 [acid (16)]
 17999 | Slime:5  | graymark: все
 17999 | Slime:5  | Splashed with acid

Dungeon Overview and Level Annotations

Branches:
Dungeon (12/15)            Temple (1/1) D:7            Lair (8/8) D:11
  Swamp (4/4) Lair:3       Spider (4/4) Lair:6        Slime (5/6) Lair:6
    Orc (2/2) D:10            Elf (3/3) Orc:2

Altars:
Ashenzari
Cheibriados
Dithmenos
Elyvilon
Fedhas
Gozag
Kikubaaqudgha
Makhleb
Okawaru
Pakellas
Qazlal
Ru
Sif Muna
Trog
Vehumet
Xom
Yredelemnul
Zin
The Shining One
Lugonu

Shops:
D:7 *%:((*   D:9 *   D:10 !   Orc:2 =[*(   Elf:2 :!

Annotations:
D:10 exclusion: downstairs
D:11 exclusion: downstairs
Lair:4 exclusion: downstairs


Message History

Vehumet accepts your kill. The blast of lightning engulfs you! You resist.
The blast of lightning engulfs the slime creature.
The slime creature is severely wounded.
The blast of lightning engulfs your ball lightning.
Your ball lightning completely resists.
The blast of lightning engulfs the slime creature.
The slime creature is almost dead.
The blast of lightning engulfs the large slime creature.
The large slime creature is heavily wounded.
The wall burns your ball lightning!
Your ball lightning explodes!
The blast of lightning engulfs the great orb of eyes.
The great orb of eyes is lightly wounded.
The blast of lightning engulfs the large slime creature.
The large slime creature is almost dead.
The blast of lightning engulfs you! You resist.
Unknown command.
Unknown command.
Unknown command.
Unknown command.
Casting: Conjure Ball Lightning
Confirm with . or Enter, or press ? or * to list all spells.
Aiming: Bolt of Fire
Press: ? - help, Shift-Dir - straight line, f - large slime creature
Aim: a large slime creature (almost dead)
You feel a surge of power!
The bolt of fire hits the large slime creature.
You kill the large slime creature!
Vehumet accepts your kill.
You feel your power returning.
The bolt of fire hits the slime creature.
You kill the slime creature!
Vehumet accepts your kill.
You feel your power returning. The acid blob spits acid at you.
The splash of acid is repelled.
A slime creature comes into view.
Unknown command.
Unknown command.
Casting: Bolt of Fire
Confirm with . or Enter, or press ? or * to list all spells.
Aiming: Fireball
Press: ? - help, Shift-Dir - straight line You feel a surge of power!
The fireball explodes!
The fireball engulfs the slime creature.
You kill the slime creature!
Vehumet accepts your kill.
You feel your power returning.
The fireball engulfs the large slime creature.
The large slime creature is severely wounded.
Unknown command.
Unknown command.
Unknown command.
Casting: Fireball
Confirm with . or Enter, or press ? or * to list all spells.
Aiming: Fireball
Press: ? - help, Shift-Dir - straight line You feel a surge of power!
The fireball explodes!
The fireball engulfs the acid blob.
The acid blob is heavily wounded.
The fireball engulfs the acid blob.
The acid blob is lightly wounded.
The fireball engulfs the jelly.
You kill the jelly!
Vehumet accepts your kill. The acid blob spits acid at you.
The splash of acid hits you! The acid corrodes you!
The acid burns!
Unknown command.
Unknown command.
Unknown command.
Unknown command.
Unknown command.
Unknown command.
Read which item? (? for menu, Esc to quit)
Blink to where?
Press: ? - help, Dir - move target cursor
As you read the scroll of blinking, it crumbles to dust.
The wall burns you!
You die...

You could see 2 acid blobs, a great orb of eyes, a very large slime creature, a large slime creature and 2 slime creatures.

Vanquished Creatures
  Dissolution (Slime:4)
  the Lernaean hydra (Swamp:4)
  Saint Roka (Orc:2)
  Nikola (Spider:2)
  5 acid blobs
  2 deep elf blademasters (Elf:3)
  2 deep elf master archers (Elf:3)
  Kirke (Swamp:1)
  A thorn hunter (Swamp:3)
  Maud (Lair:5)
  3 deep elf sorcerers (Elf:3)
  Wiglaf (Elf:3)
  6 ghost moths
  4 emperor scorpions
  4 deep elf elementalists (Elf:3)
  An orc warlord (Orc:1)
  2 stone giants
  5 deep elf annihilators (Elf:3)
  5 deep elf demonologists
  4 spark wasps
  6 deep elf death magi
  A minotaur (Lab)
  3 ettins (Orc:2)
  4 deep elf high priests
  Snorg (Orc:2)
  A death ooze (Slime:4)
  A ghost crab (Swamp:4)
  2 entropy weavers
  A great orb of eyes (Slime:3)
  15 hydras
  A catoblepas (Lair:5)
  4 alligators
  A queen ant (Spider:2)
  3 dancing weapons
  6 death yaks
  Urug (D:10)
  An orc high priest (Orc:1)
  8 deep elf knights
  A fire crab (Lair:5)
  A spriggan druid (Swamp:4)
  7 deep elf archers
  5 swamp dragons (Swamp:4)
  A shambling mangrove (Swamp:4)
  3 oklob plants
  2 orc knights
  14 orb spiders
  2 shining eyes
  3 orc sorcerers
  9 cyclopes (Orc:2)
  19 wolf spiders
  2 griffons
  4 hornets
  33 deep elf magi
  3 moths of wrath
  3 black mambas
  2 ice statues (IceCv)
  11 elephants
  A torpor snail (Spider:3)
  2 eyes of devastation
  15 spiny frogs
  A small abomination (Elf:1)
  6 rime drakes
  7 komodo dragons
  8 ice devils (IceCv)
  10 demonic crawlers
  26 jumping spiders
  6 polar bears (Lair:8)
  4 trolls
  A queen bee (shapeshifter) (Elf:1)
  A giant leech (Swamp:1)
  A two-headed ogre (Orc:1)
  50 slime creatures
  6 bog bodies
  The ghost of ololoev the Magician, an amateur DEEE (D:5)
  A boulder beetle (Lair:8)
  13 blink frogs
  3 air elementals
  60 redbacks
  21 tarantellas
  4 water elementals
  16 spriggans
  23 yaks
  A fire elemental (Elf:2)
  5 basilisks
  A wraith (D:8)
  5 hogs (Swamp:1)
  3 hippogriffs
  A hungry ghost (D:10)
  7 vampire mosquitoes
  Menkaure (D:6)
  2 wargs (Orc:1)
  4 soldier ants (Spider:2)
  15 water moccasins
  12 swamp worms
  9 porcupines
  Duvessa (D:7)
  34 orc warriors
  12 swamp drakes
  4 ice beasts
  3 sky beasts
  2 phantoms (D:9)
  9 wasps
  16 wolves
  4 black bears
  An eye of draining (Slime:1)
  9 ogres
  2 centaurs
  11 crocodiles
  14 giant frogs
  A big kobold (D:10)
  Blork the orc (D:6)
  A wyvern zombie (D:10)
  2 earth elementals (Elf:3)
  A gnoll sergeant (D:6)
  A wyvern skeleton (D:11)
  3 scorpions
  Dowan (D:7)
  3 killer bees (D:5)
  2 howler monkeys
  3 electric eels
  6 crimson imps
  A wasp zombie (D:9)
  A giant frog zombie (D:7)
  2 centaur skeletons
  5 hounds
  14 jellies
  22 orc priests
  An iron imp (Orc:1)
  30 orc wizards
  2 giant frog skeletons
  8 iguanas
  8 worker ants
  13 sheep
  A howler monkey skeleton (D:10)
  6 adders
  14 gnolls
  34 river rats
  4 shadow imps
  8 white imps
  5 ufetubi (IceCv)
  An ooze (D:2)
  An adder skeleton (D:7)
  A worm (D:2)
  2 dart slugs
  4 giant geckos
  95 orcs
  4 giant cockroaches
  A goblin (D:7)
  8 jackals
  8 kobolds
  5 quokkas
  2 ball pythons
  4 bats
  3 giant newts
  3 rats
  7 bushes
  7 crawling corpses
  4 fungi
  A plant (Lair:8)
1076 creatures vanquished.

Vanquished Creatures (collateral kills)
  2 swamp dragons (Swamp:4)
  A wolf spider (Spider:2)
3 creatures vanquished.

Vanquished Creatures (others)
  23 ball lightnings
  A spriggan (Swamp:4)
  A wasp (Swamp:4)
  2 wolves (Lair:6)
  5 ufetubi (IceCv)
  An orc (Orc:1)
  10 fungi
  3 plants
46 creatures vanquished.

Grand Total: 1125 creatures vanquished

Action                   |  1- 3 |  4- 6 |  7- 9 | 10-12 | 13-15 | 16-18 || total
-------------------------+-------+-------+-------+-------+-------+-------++-------
Melee: Whip              |       |       |     1 |       |       |       ||     1
       Staff             |       |       |       |       |       |     8 ||     8
Throw: Throwing net      |       |       |       |     1 |       |       ||     1
 Cast: Sandblast         |    41 |    40 |   131 |   181 |    29 |       ||   422
       Stone Arrow       |       |     3 |    18 |    59 |    81 |    64 ||   225
       Passwall          |       |       |    13 |    39 |    19 |     7 ||    78
       Lee's Rapid Decon |       |       |     5 |    18 |     3 |     8 ||    34
       Fireball          |       |       |     9 |    86 |   267 |   322 ||   684
       Petrify           |       |       |     1 |     3 |       |       ||     4
       Apportation       |       |       |       |    18 |    13 |    41 ||    72
       Delayed Fireball  |       |       |       |     4 |    21 |    24 ||    49
       Bolt of Fire      |       |       |       |       |    21 |    36 ||    57
       Repel Missiles    |       |       |       |       |       |     1 ||     1
       Iron Shot         |       |       |       |       |       |    18 ||    18
       Conjure Ball Ligh |       |       |       |       |       |    10 ||    10
 Abil: Release Delayed F |       |       |       |     3 |    22 |    24 ||    49
Evoke: Wand              |       |       |    10 |    11 |     8 |    10 ||    39
       Box of beasts     |       |       |       |       |       |    13 ||    13
  Use: Scroll            |       |       |    19 |     8 |     5 |    12 ||    44
       Potion            |       |       |     3 |     5 |     5 |     5 ||    18
  Eat: Chunk             |       |     1 |    14 |    18 |    21 |    28 ||    82
       Meat ration       |       |       |       |     1 |     1 |     1 ||     3
       Royal jelly       |       |       |       |       |     1 |     2 ||     3
       Fruit             |       |       |       |       |       |     3 ||     3
       Pizza             |       |       |       |       |       |     1 ||     1
Armor: Robe              |    10 |       |    11 |    40 |     7 |     1 ||    69
       Troll leather arm |       |       |       |       |    16 |    84 ||   100
Dodge: Dodged            |    25 |     6 |    17 |    71 |    55 |   165 ||   339
       Deflected         |       |       |       |       |       |     6 ||     6
Block: Other             |       |       |     2 |    18 |    12 |       ||    32
       Reflection        |       |       |       |       |     4 |       ||     4
       Buckler           |       |       |       |       |    18 |    80 ||    98

Vault maps used:
D:1:      dpeg_arrival_lava_temple_mockup, serial_corexii_hall,
          corexii_hall_statues_i, corexii_hall_statues_l,
          corexii_hall_statues_deadend, corexii_hall_statues_l
D:2:      minmay_rat_hole
D:3:      kennysheep_big_flooded_room
D:4:      overflow_temple_1_default, first_bread
D:5:      minitemple
D:6:      xom_butterflies, nicolae_dithmenos_shadow_blocks, uniq_blork_the_orc,
          uniq_menkaure
D:7:      minmay_temple_entry_trees, serial_shops, shop, shop_statue, shop,
          kennysheep_little_box, shop, enter_bailey_7, nicolae_alphabet_shops,
          uniq_duvessa
D:8:      fedhas_altar_3, kennysheep_mini
D:9:      grunt_qazlal_clouds, serial_shops, shop_statue
D:10:     erik_orc_2, serial_shops, nicolae_shop_crystal, uniq_urug
D:11:     lair_0_dummy
D:12:     uniq_josephine, uniq_erolcha
Temple:   corrupted_temple
Lair:1:   serial_bayou_shore_a, grunt_megastairs_4
Lair:3:   nicolae_swamp_entry_splash_gauntlet
Lair:4:   wad_woods_structure_01, lab_entry_generic
Lair:5:   grunt_forest_large_clearing_hut, uniq_maud
Lair:6:   spider_nest_entry_a, minmay_slime_entry_oklob_enclosed
Lair:7:   portal_ice_cave_entry_pillars_01, minmay_lair_oklob_bushes,
          lemuel_fruit_tree, lemuel_fruit_fields
Lair:8:   minmay_lair_end_enchanted_forest
Swamp:1:  serial_swamp_ruin, evilmike_swamp_ruin_house_2,
          evilmike_swamp_ruin_rubble_1, evilmike_swamp_ruin_house_1,
          swamp_pool2, grunt_lady_of_the_lake, uniq_kirke
Swamp:2:  evilmike_swamp_ruin_house_4, nicolae_swamp_spriggan_camp
Swamp:3:  nicolae_swamp_treefoil, infiniplex_staircase_pool_2
Swamp:4:  swamp_old_school
Spider:1: uniq_nikola
Spider:2: nicolae_spider_ant_collections
Spider:3: spiders_nest_a, nicolae_arachne_temple, uniq_donald
Spider:4: spider_rune_water, nicolae_spider_circle_web
Slime:5:  dissolution_awaits
Orc:1:    nicolae_orc_sculptors_studio, hangedman_minor_magic
Orc:2:    grunt_orc_gardens, grunt_orc_garden, grunt_orc_garden,
          grunt_orc_garden, grunt_orc_garden, mines3_lemuel, uniq_snorg,
          uniq_saint_roka
Elf:1:    eino_elf_arrival_the_gate, serial_shops, nicolae_shop_trees,
          orc_legates, minmay_elf_demonology
Elf:2:    serial_shops, bzr_in_the_mist, shop, shop, uniq_jorgrun
Elf:3:    elf_hall, uniq_wiglaf
Lab:      labyrinth_spiral
Bazaar:   bazaar_kb_twisted_cavern
IceCv:    ice_cave_small_demon
